 Dungeon Sprint DCSS version 0.27-a0-686-gaed091b46b (webtiles) character file.

Game seed: 13051835702826899145

20293 mhtbhm the Executioner (level 12, -7/124 HPs)
             Began as a Minotaur Fighter on Mar 20, 2021.
             Was the Champion of Trog.
             Killed from afar by a nagaraja (11 damage)
             ... with a bolt of poison
             ... in the Dungeon (Sprint VII: "The Pits").
             The game lasted 00:05:48 (3085 turns).

mhtbhm the Executioner (Minotaur Fighter)           Turns: 3085, Time: 00:05:49

Health: -7/124     AC: 15    Str: 24    XL:     12   Next: 44%
Magic:  11/11      EV: 12    Int:  5    God:    Trog [******]
Gold:   21         SH: 20    Dex: 12    Spells: 11/11 levels left

rFire    . . .     SeeInvis +   a - +3 broad axe (vorpal)
rCold    . . .     Faith    .   c - +0 kite shield
rNeg     + . .     Spirit   .   b - +3 ring mail {rPois}
rPois    +         Reflect  +   (helmet restricted)
rElec    .         Harm     .   m - +0 cloak
rCorr    .         Rampage  .   p - +0 pair of gloves
Will     .....     NoTele   +   (no boots)
Stlth    +.........             A - amulet of reflection
HPRegen  0.30/turn              y - ring of see invisible
MPRegen  0.12/turn              x - ring of positive energy

@: lethally poisoned (-7 -> -14), berserk cooldown, slowed, very slow
A: horns 2, retaliatory headbutt
a: Renounce Religion, Berserk, Trog's Hand, Brothers in Arms


You were in the Dungeon.
You worshipped Trog.
Trog was exalted by your worship.
You visited 1 branch You collected 21 gold pieces.

Inventory:

Hand Weapons
 a - a +3 vorpal broad axe (weapon)
Missiles
 j - 6 curare-tipped darts (quivered)
Armour
 b - a +3 ring mail of poison resistance (worn)
 c - a +0 kite shield (worn)
 m - a +0 cloak (worn)
 p - a +0 pair of gloves (worn)
Jewellery
 x - a ring of positive energy (left hand)
 y - a ring of see invisible (right hand)
 z - a ring of ice
 A - an amulet of reflection (around neck)
Wands
 q - a wand of flame (16)
Scrolls
 l - a scroll of summoning
 r - 2 scrolls of blinking
 s - 2 scrolls of fear
 t - 2 scrolls of enchant armour
 v - 4 scrolls of identify
 w - a scroll of fog
Potions
 d - 2 potions of might
 e - 5 potions of curing
 f - 6 potions of heal wounds
 g - 3 potions of haste
 h - 4 potions of magic
 i - 6 potions of berserk rage
 k - 2 potions of invisibility
 u - 2 potions of mutation
Miscellaneous
 B - a box of beasts


   Skills:
 + Level 16.6 Fighting
 + Level 22.0 Axes
 + Level 16.7 Armour
 + Level 4.7 Dodging
 + Level 1.2 Stealth
 + Level 17.2 Shields


You had 11 spell levels left.
You didn't know any spells.
Your spell library was empty.

Dungeon Overview and Level Annotations

Branches:
Dungeon (1/1)

Altars:
Ashenzari
Cheibriados
Dithmenos
Elyvilon
Fedhas
Gozag
Hepliaklqana
Kikubaaqudgha
Makhleb
Nemelex Xobeh
Okawaru
Qazlal
Ru
Sif Muna
Trog
Uskayaw
Vehumet
Wu Jian
Xom
Yredelemnul
Zin
The Shining One
Beogh
Jiyva
Lugonu


Innate Abilities, Weirdness & Mutations

You have a pair of horns on your head.
You reflexively headbutt those who attack you in melee.


Message History

Okay, then.
You feel much better. You block the nagaraja's attack.
The deep elf blademaster hits you with a +0 rapier!
You block the deep elf blademaster's attack.
The nagaraja closely misses you.
You block the deep elf blademaster's attack.
The deep elf blademaster barely misses you.
The nagaraja points at you and mumbles some strange words.
You struggle to resist.
Your cyclops goes berserk!
The deep elf blademaster hits you with a +0 rapier. x2
* * * LOW HITPOINT WARNING * * *
The nagaraja spits poison at you.
The splash of poison reflects off an invisible shield around you!
The splash of poison hits the nagaraja.
The nagaraja is poisoned.
You block the deep elf blademaster's attack.
The deep elf blademaster hits you with a +0 rapier.
* * * LOW HITPOINT WARNING * * *
The nagaraja hits you from afar with a +0 spear!
* * * LOW HITPOINT WARNING * * *
Unknown command.
You feel much better.
You block the deep elf blademaster's attack.
The deep elf blademaster hits you with a +0 rapier.
* * * LOW HITPOINT WARNING * * *
The nagaraja casts a spell at you.
The lance of force reflects off an invisible shield around you!
The lance of force hits the nagaraja!
The nagaraja is knocked back by the lance of force.
The nagaraja slams into the metal wall!
The deep elf blademaster hits you with a +0 rapier!
* * * LOW HITPOINT WARNING * * *
The deep elf blademaster hits you with a +0 rapier!
* * * LOW HITPOINT WARNING * * *
Your cyclops misses the deep elf blademaster.
The nagaraja gestures at you while chanting.
The bolt of poison hits you!
You are lethally poisoned!
You resist.
You die...

+..........# #..#....#..#
#..........+ #..........+
###''####''#
###''####''#########
#......##...........
#.#'##.##...........
#.#@C+.##..#########
#.)e)# ##..# #.#)}'. #..#
#++###########.+.:#N##..#
........##..## ##+#.##..#
.#......##..# ##..#
........''..# #..#
........''..##########.)#
.#......##..............#


You could see a deep elf blademaster (ally target), a nagaraja (fast, poisoned,
catching breath) and a friendly cyclops (summoned, berserk).

Vanquished Creatures
  A Brimstone Fiend (D)
  A nagaraja (D)
  A deep elf demonologist (D)
  A yellow draconian (D)
  A fire dragon (D)
  A great orb of eyes (D)
  A death yak (D)
  A spriggan berserker (D)
  Nergalle (D)
  A sixfirhy (D)
  A fire crab (D)
  A bog body (D)
  An unseen horror (D)
  2 deep elf pyromancers (D)
  Maurice (D)
  A cane toad (D)
  A molten gargoyle (D)
  A demonic crawler (D)
  An efreet (D)
  A guardian mummy (D)
  A freezing wraith (D)
  A red devil (D)
  A merfolk (D)
  A tyrant leech (D)
  9 blink frogs (D)
  5 dream sheep (D)
  A shadow (D)
  A redback (D)
  A wyvern (D)
  A vampire (D)
  A ynoxinul (D)
  6 yaks (D)
  3 vampire mosquitoes (D)
  Menkaure (D)
  A warg (D)
  A soldier ant (D)
  A floating eye (D)
  A swamp drake (D)
  An ogre (D)
  A phantom (D)
  A bullfrog (D)
  A kobold brigand (D)
  An earth elemental (D)
  2 scorpions (D)
  A gnoll shaman (D)
  Crazy Yiuf (D)
  A hound (D)
  An iron imp (D)
  2 hell rats (D)
  4 orc wizards (D)
  4 gnolls (D)
  An adder (D)
  A river rat (D)
  A white imp (D)
  An ufetubus (D)
  3 oozes (D)
  3 adder skeletons (D)
  A leopard gecko (D)
  3 orcs (D)
  A giant cockroach (D)
  A goblin (D)
  2 quokkas (D)
  A frilled lizard (D)
  3 kobolds (D)
  A leopard gecko skeleton (D)
  2 rats (D)
104 creatures vanquished.

Vanquished Creatures (collateral kills)
  Sonja (D)
1 creature vanquished.

Vanquished Creatures (others)
  A gnoll (D)
1 creature vanquished.

Grand Total: 106 creatures vanquished

Notes
Turn   | Place    | Note
-------+----------+-------------------------------------------
     0 | D        | mhtbhm the Minotaur Fighter began the quest for the Orb.
     0 | D        | Reached XP level 1. HP: 19/19 MP: 0/0
    19 | D        | Found a bloodstained altar of Trog.
    19 | D        | Found a shimmering blue altar of Sif Muna.
    19 | D        | Found a viscous altar of Jiyva.
    19 | D        | Found a hazy altar of Hepliaklqana.
    19 | D        | Found an opulent altar of Gozag.
    20 | D        | Found a glowing golden altar of the Shining One.
    20 | D        | Found a glowing silver altar of Zin.
    20 | D        | Found a basalt altar of Yredelemnul.
    20 | D        | Found a shimmering altar of Xom.
    20 | D        | Found an ornate altar of the Wu Jian Council.
    20 | D        | Found a sacrificial altar of Ru.
    20 | D        | Found a stormy altar of Qazlal.
    20 | D        | Found an iron altar of Okawaru.
    20 | D        | Found a sparkling altar of Nemelex Xobeh.
    20 | D        | Found a burning altar of Makhleb.
    20 | D        | Found a blossoming altar of Fedhas.
    20 | D        | Found a white marble altar of Elyvilon.
    20 | D        | Found a shadowy altar of Dithmenos.
    20 | D        | Found a snail-covered altar of Cheibriados.
    22 | D        | Found a radiant altar of Vehumet.
    22 | D        | Found a corrupted altar of Lugonu.
    24 | D        | Became a worshipper of Trog the Wrathful
    64 | D        | Reached skill level 5 in Fighting
    64 | D        | Reached XP level 2. HP: 29/29 MP: 1/1
    78 | D        | Reached * piety under Trog
    81 | D        | Reached skill level 3 in Axes
   120 | D        | Noticed a floating eye
   122 | D        | Killed a floating eye
   123 | D        | Reached skill level 4 in Axes
   123 | D        | Reached XP level 3. HP: 39/39 MP: 2/2
   123 | D        | Reached XP level 4. HP: 47/47 MP: 3/3
   126 | D        | Reached ** piety under Trog
   127 | D        | Reached skill level 5 in Axes
   127 | D        | Reached XP level 5. HP: 52/52 MP: 4/4
   131 | D        | Reached *** piety under Trog
   244 | D        | Noticed Crazy Yiuf
   244 | D        | Noticed a phantom
   250 | D        | Reached skill level 6 in Axes
   251 | D        | Reached **** piety under Trog
   253 | D        | Killed a phantom
   254 | D        | Reached skill level 7 in Axes
   254 | D        | Reached skill level 1 in Dodging
   254 | D        | Reached XP level 6. HP: 63/63 MP: 5/5
   256 | D        | Killed Crazy Yiuf
   298 | D        | Reached ***** piety under Trog
   299 | D        | Reached skill level 8 in Axes
   342 | D        | Noticed a warg
   342 | D        | Noticed a death yak
   350 | D        | Killed a death yak
   351 | D        | Reached skill level 10 in Fighting
   351 | D        | Reached skill level 11 in Axes
   351 | D        | Reached skill level 10 in Armour
   351 | D        | Reached skill level 10 in Shields
   351 | D        | Reached XP level 7. HP: 69/73 MP: 6/6
   351 | D        | Reached XP level 8. HP: 76/81 MP: 7/7
   517 | D        | Found a hide-covered altar of Uskayaw.
   517 | D        | Found an ancient bone altar of Kikubaaqudgha.
   517 | D        | Found a broken altar of Ashenzari.
   544 | D        | Noticed a tyrant leech
   545 | D        | Noticed a demonic crawler
   551 | D        | Killed a tyrant leech
   552 | D        | Reached skill level 12 in Axes
   555 | D        | Killed a demonic crawler
   555 | D        | Reached ****** piety under Trog
   556 | D        | Reached skill level 13 in Axes
   595 | D        | Noticed a cane toad
   595 | D        | Noticed a fire crab
   600 | D        | Received a gift from Trog
   602 | D        | Killed a fire crab
   603 | D        | Reached skill level 14 in Axes
   603 | D        | Reached XP level 9. HP: 83/90 MP: 8/8
   607 | D        | Killed a cane toad
   706 | D        | Noticed a sixfirhy
   724 | D        | Killed a sixfirhy
   725 | D        | Reached skill level 15 in Axes
  1046 | D        | Noticed an efreet
  1055 | D        | Killed an efreet
  1162 | D        | Noticed a molten gargoyle
  1162 | D        | Noticed a red devil
  1167 | D        | Killed a molten gargoyle
  1168 | D        | Received a gift from Trog
  1169 | D        | Reached skill level 16 in Axes
  1170 | D        | Killed a red devil
  1171 | D        | Reached XP level 10. HP: 97/97 MP: 9/9
  1227 | D        | Noticed a Brimstone Fiend
  1234 | D        | Killed a Brimstone Fiend
  1235 | D        | Reached skill level 17 in Axes
  1544 | D        | Noticed a spriggan berserker
  1554 | D        | Killed a spriggan berserker
  1555 | D        | Reached skill level 18 in Axes
  1745 | D        | Noticed Menkaure
  1749 | D        | Killed Menkaure
  1754 | D        | Received a gift from Trog
  1761 | D        | Noticed a bog body
  1766 | D        | Killed a bog body
  1767 | D        | Reached skill level 15 in Shields
  1767 | D        | Reached XP level 11. HP: 53/107 MP: 10/10
  2024 | D        | Reached skill level 19 in Axes
  2037 | D        | Received a gift from Trog
  2087 | D        | Received a gift from Trog
  2096 | D        | Noticed a great orb of eyes
  2105 | D        | Killed a great orb of eyes
  2106 | D        | Reached skill level 15 in Armour
  2106 | D        | Noticed a nagaraja
  2109 | D        | Killed an unseen horror
  2109 | D        | Received a gift from Trog
  2110 | D        | Reached skill level 20 in Axes
  2119 | D        | Reached skill level 1 in Stealth
  2120 | D        | Killed a nagaraja
  2124 | D        | Received a gift from Trog
  2469 | D        | Noticed Sonja
  2469 | D        | Noticed Maurice
  2478 | D        | Killed Maurice
  2479 | D        | Reached skill level 21 in Axes
  2488 | D        | Killed Sonja
  2489 | D        | Reached skill level 15 in Fighting
  2776 | D        | Noticed a deep elf pyromancer
  2786 | D        | Received a gift from Trog
  2787 | D        | Reached XP level 12. HP: 102/121 MP: 11/11
  2809 | D        | Received a gift from Trog
  3062 | D        | Noticed a yellow draconian
  3062 | D        | Noticed a fire dragon
  3062 | D        | Noticed a deep elf demonologist
  3062 | D        | Noticed Nergalle
  3062 | D        | Noticed a deep elf blademaster
  3062 | D        | Noticed a nagaraja
  3068 | D        | Killed a fire dragon
  3072 | D        | Killed a yellow draconian
  3075 | D        | Received a gift from Trog
  3078 | D        | Killed Nergalle
  3080 | D        | Killed a deep elf demonologist
  3081 | D        | Reached skill level 22 in Axes
  3085 | D        | HP: 4/124 [deep elf blademaster/+0 rapier (13)]
  3085 | D        | Killed from afar by a nagaraja

Illustrated notes

Levels and vault maps discovered:
D:        pitsprint [storerooms_1, entrance_room_1, metal_vault_6, armoury_1,
          mini_pit_1, grid_room_1, main_hall_1, silver_pit, the_coven_2,
          the_vestibule_1, steel_vault_4, golden_pit, hallway_of_sentries,
          crystal_vault_4, iron_vault_2, final_vault]

Skill      XL: |  1  2  3  4  5  6  7  8  9 10 11 12 |
---------------+-------------------------------------+-----
Fighting       | 5 7 9 10 11 12 13 15 16 | 16.6
Armour         | 4 6 7 8 10 11 12 14 16 | 16.7
Shields        | 4 6 7 8 10 12 13 15 16 17 | 17.2
Axes           | 4 5 7 11 14 16 18 21 22 | 22.0
Dodging        | 1 2 3 4 |  4.7
Stealth        | 1 |  1.2

Action                   |  1- 3 |  4- 6 |  7- 9 | 10-12 || total
-------------------------+-------+-------+-------+-------++-------
Melee: Hand axe          |     7 |    62 |     3 |       ||    72
       War axe           |     2 |       |       |       ||     2
       Headbutt          |     2 |    14 |     6 |    27 ||    49
       Broad axe         |       |       |    41 |   133 ||   174
Invok: Berserk           |     1 |     2 |     3 |     7 ||    13
       Brothers in Arms  |       |       |       |     2 ||     2
  Use: Potion            |       |       |       |     7 ||     7
Armor: Scale mail        |     2 |     6 |       |       ||     8
       Plate armour      |       |    19 |    33 |    48 ||   100
       Ring mail         |       |       |       |     8 ||     8
Dodge: Dodged            |     2 |     6 |    17 |    31 ||    56
Block: Kite shield       |     1 |    32 |    30 |    97 ||   160
       Reflection        |       |       |       |     3 ||     3

Table legend: (Time is in decaauts)
 A = Elapsed time spent in this place.
 B = Non-inter-level travel time spent in this place.
 C = Inter-level travel time spent in this place.
 D = Time resting spent in this place.
 E = Time spent auto-exploring this place.
 F = Levels seen in this place.
 G = Mean time per level.
                   A        B        C        D        E       F      G
               +--------+--------+--------+--------+--------+-----+--------+
         Total |   3156 |   3156 |      0 |   2012 |    142 |   1 | 3156.0 |
       Dungeon |   3156 |   3156 |      0 |   2012 |    142 |   1 | 3156.0 |
               +--------+--------+--------+--------+--------+-----+--------+

Top non-repeatable levels by time:
       D: 3156 daAuts
